 Dungeon Crawl Stone Soup version 0.26.0-45-g9c1d065592 (webtiles) character file.

Game seed: 6484773409336623877

44 H0rd4k the Insei (level 3, -1/23 HPs)
             Began as an Octopode Transmuter on Jan 28, 2021.
             Slain by an adder (2 damage)
             ... on level 2 of the Dungeon.
             The game lasted 00:00:51 (1207 turns).

H0rd4k the Insei (Octopode Transmuter)              Turns: 1207, Time: 00:00:51

Health: -1/23      AC:  1    Str:  9    XL:     3   Next: 60%
Magic:  5/6        EV: 13    Int: 16    God:
Gold:   77         SH:  0    Dex: 12    Spells: 5/6 levels left

rFire    . . .     SeeInvis .     - Unarmed
rCold    . . .     Faith    .   (no shield)
rNeg     . . .     Spirit   .   (helmet currently unavailable)
rPois    .         Reflect  .   (no amulet)
rElec    .         Harm     .   (no ring)
rCorr    .         Rampage  .   (no ring)
Will     .....                  (no ring)
Stlth    +++.......             (no ring)
HPRegen  0.07/turn              (no ring)
MPRegen  0.10/turn              (no ring)
                                (no ring)
                                (no ring)

@: lethally poisoned (-1 -> -13), appendages
A: almost no armour, stealthy swim, amphibious, 8 rings, constrict 8, tentacle
spike 3, camouflage 1, gelatinous body 1
a: End Transformation


You were on level 2 of the Dungeon.
One of your tentacles had a temporary spike.
You visited 1 branch of the dungeon, and saw 2 of its levels.

You collected 77 gold pieces.

Inventory:

Jewellery
 f - an uncursed ring of protection from cold {unknown}
 h - a +6 ring of strength {unknown}
Scrolls
 a - a scroll of identify {unknown}
 b - 2 scrolls of teleportation {unknown}
 e - a scroll of remove curse {unknown}
Potions
 c - a potion of magic {unknown}
 d - 2 potions of curing {unknown}
 g - 4 potions of brilliance {unknown}


   Skills:
 + Level 1.1 Fighting
 + Level 2.2 Dodging
 + Level 1.2 Stealth
 + Level 3.9 Unarmed Combat
 + Level 2.2 Spellcasting
 + Level 2.0 Transmutations


You had 5 spell levels left.
You knew the following spells:

 Your Spells              Type           Power        Failure   Level
a - Beastly Appendage     Tmut           16%          9%          1

Your spell library contained the following spells:

 Spells                   Type           Power        Failure   Level
 Wereblood                Tmut           8%           13%         2
 Spider Form              Tmut/Pois      2%           36%         3
 Ice Form                 Ice/Tmut       5%           78%         4
 Blade Hands              Tmut           4%           94%         5


Dungeon Overview and Level Annotations

Branches:
Dungeon (2/15)

Altars:
The Shining One


Innate Abilities, Weirdness & Mutations

You cannot wear most types of armour.
You are very stealthy in the water. (Stealth+)
You are amphibious.
You can wear up to eight rings at the same time.
You can use your tentacles to constrict eight enemies at once.
Your skin changes colour to match your surroundings (Stealth+).
Your rubbery body absorbs attacks. (AC +1, EV +1)
One of your tentacles bears a large vicious spike.


Message History

The hobgoblin hits you with a +0 club.
You barely miss the hobgoblin. You grab the hobgoblin.
You pierce the hobgoblin.
You kill the hobgoblin!
You tentacle-slap the adder. Your grab misses the adder.
Your tentacle spike misses the adder.
Your squeeze misses the adder.
The adder is heavily wounded.
The adder bites you.
* * * LOW HITPOINT WARNING * * *
You are poisoned.
The adder poisons you! The adder bites you.
* * * LOW HITPOINT WARNING * * *
You are more poisoned.
The adder poisons you!
You closely miss the adder. Your grab misses the adder.
Your tentacle spike misses the adder.
The adder is heavily wounded.
* * * LOW HITPOINT WARNING * * *
You feel sick. The adder bites you.
You die...

### #..
##########.#
#..........# .<..
#S# ..... #@#
.....#####.#####..
........##.......#
>.................
.....##.####.##.##
... ##.####......
.....#.#.........
.........###.##.##
.#######.# ...


You could see an adder.

Vanquished Creatures
  An adder (D:2)
  An ooze (D:1)
  2 leopard geckos (D:1)
  2 giant cockroaches
  3 hobgoblins
  4 kobolds
  6 bats
  6 frilled lizards
  2 goblins (D:1)
  5 rats
32 creatures vanquished.

Notes
Turn   | Place    | Note
-------+----------+-------------------------------------------
     0 | D:1      | H0rd4k the Octopode Transmuter began the quest for the Orb.
     0 | D:1      | Reached XP level 1. HP: 13/13 MP: 3/3
    34 | D:1      | Reached XP level 2. HP: 14/18 MP: 5/5
   591 | D:1      | Reached XP level 3. HP: 23/23 MP: 6/6
  1122 | D:2      | Found a glowing golden altar of the Shining One.
  1125 | D:2      | Reached skill level 1 in Stealth
  1207 | D:2      | HP: 1/23 [poisoned by an adder]
  1207 | D:2      | Slain by an adder

Illustrated notes

Levels and vault maps discovered:
D:1:      shiori_arrival_elements, layout_basic, chequers_serial_rivers_micro_e,
          minmay_pentomino_q4
D:2:      layout_loops_ring, lemuel_crystal_altar, tso_altar, uniq_natasha

Skill      XL: |  1  2  3 |
---------------+----------+-----
Stealth        | 1 |  1.2
Fighting       | |  1.1
Dodging        | |  2.2
Unarmed Combat | |  3.9
Spellcasting   | |  2.2
Transmutations | |  2.0

Action                   || total
-------------------------++-------
Melee: Unarmed           ||    63
       Constrict         ||    18
       Tentacles         ||     8
       Kick              ||     1
       Punch             ||     1
 Cast: Beastly Appendage ||     1
 Stab: Sleeping          ||    11
Armor: Skin              ||     9
Dodge: Dodged            ||    39
